Workbook
Name ___sub1: #REF!
Name ___sub2: #REF!
Name ___sub3: #REF!
Name _sub1: #REF!
Name _sub2: #REF!
Name _sub3: #REF!
Name a: #REF!
Name AREA: #REF!
Name B: #REF!
Name BDI: #REF!
Name DOLAR: [1]INSUMOS!$G$8
Name ersdcefgbrnghrbgbrgfbgfwbvbfgvwfv: #REF!
Name Excel_BuiltIn_Print_Area_2: #REF!
Name Excel_BuiltIn_Print_Area_2_1: #REF!
Name Excel_BuiltIn_Print_Area_2_1_1: #REF!
Name Excel_BuiltIn_Print_Area_2_1_1_1: #REF!
Name Excel_BuiltIn_Print_Area_4: #REF!
Name leosde: #REF!
Name NCOMPOSICOES: 7
Name NCOTACOES: 15
Name obra: #REF!
Name obra1: #REF!
Name obra2: #REF!
Name obra3: #REF!
Name obra4: #REF!
Name obra5: #REF!
Name P.1: #REF!
Name P.10: #REF!
Name P.11: #REF!
Name P.12: #REF!
Name P.13: #REF!
Name P.14: #REF!
Name P.15: #REF!
Name P.2: #REF!
Name P.3: #REF!
Name P.4: #REF!
Name P.5: #REF!
Name P.6: #REF!
Name P.7: #REF!
Name P.8: #REF!
Name P.9: #REF!
Name Pedreiro_de_acabamento: [1]INSUMOS!$B$11
Name PP1.1: #REF!
Name PP1.10: #REF!
Name PP1.11: #REF!
Name PP1.12: #REF!
Name PP1.13: #REF!
Name PP1.14: #REF!
Name PP1.15: #REF!
Name PP1.2: #REF!
Name PP1.3: #REF!
Name PP1.4: #REF!
Name PP1.5: #REF!
Name PP1.6: #REF!
Name PP1.7: #REF!
Name PP1.8: #REF!
Name PP1.9: #REF!
Name T.1: #REF!
Name T.10: #REF!
Name T.11: #REF!

Sheet Planilha Orcamentária
A2: PLANILHA ORÇAMENTÁRIA DE CUSTOS
A3: PREFEITURA MUNICIPAL DE INHAPIM-MG | E3: FOLHA N º: | G3: 01/01.
A4: OBRA: PAVIMENTAÇÃO DA ESTRADA DE ACESSO À ESCOLA E UBS DOS BRÁZ | E4: DATA: | G4: =TODAY() -> 46184
A5: LOCAL: CORREGO DOS BRÁZ - INHAPIM/MG - CEP: 35330-000 | E5: FORMA DE EXECUÇÃO:
A6: REGIÃO/MÊS DE REFERÊNCIA: TABELA SICOR - REGIÃO LESTE - 01/2026 - SEM DESONERAÇÃO / SINAPI 04/2026 - SEM DESONERAÇÃO / SICRO MG 01/2026 | E6: ( ) | F6: DIRETA | G6: ( X ) | H6: INDIRETA
A7: COMPOSIÇÃO/DEMONSTRATIVO DE BDI - EM ANEXO | E7: % ISS MUNICIPAL: | F7: 0.05 | G7: BDI: | H7: 0.2409
A9: ITEM | B9: CÓDIGO | C9: DESCRIÇÃO | D9: UNIDADE | E9: QUANTIDADE | F9: PREÇO UNITÁRIO S/ BDI | G9: PREÇO UNITÁRIO C/ BDI | H9: PREÇO TOTAL
A10: 1.0 | C10: SERVIÇOS PRELIMINARES | G10: =ROUND(F10+(F10*$H$7),2) -> 0 | H10: =SUM(H11) -> 1497.42
A11: 1.1 | B11: SICOR-ED-28427 | C11: FORNECIMENTO E COLOCAÇÃO DE PLACA DE OBRA EM CHAPA GALVANIZADA #26, ESP. 0,45MM, DIMENSÃO (3X1,5)M, PLOTADA COM ADESIVO VINÍLICO, AFIXADA COM REBITES 4,8X40MM, EM ESTRUTURA METÁLICA DE METALON 20X20MM, ESP. 1,25MM, INCLUSIVE SUPORTE EM EUCALIPTO AUTOCLAVADO PINTADO COM TINTA PVA DUAS (2) DEMÃOS | D11: UND | E11: 1 | F11: 1206.72 | G11: =ROUND(F11+(F11*$H$7),2) -> 1497.42 | H11: =ROUND((E11*G11),2) -> 1497.42
A12: 2.0 | C12: DRENAGEM | G12: =ROUND(F12+(F12*$H$7),2) -> 0 | H12: =SUM(H13:H19) -> 32047.39
A13: 2.1 | B13: SICRO-2003345 | C13: SARJETA TRAPEZOIDAL DE CONCRETO - SZC 60-20 - ESCAVAÇÃO MECÂNICA - AREIA E BRITA COMERCIAIS | D13: M | E13: 55 | F13: 58.48 | G13: =ROUND(F13+(F13*$H$7),2) -> 72.57 | H13: =ROUND((E13*G13),2) -> 3991.35
A14: 2.2 | B14: SICRO-2003365 | C14: TRANSPOSIÇÃO DE SEGMENTOS DE SARJETA - TSS 120 - AREIA E BRITA COMERCIAIS | D14: M | E14: 10 | F14: 1065.04 | G14: =ROUND(F14+(F14*$H$7),2) -> 1321.61 | H14: =ROUND((E14*G14),2) -> 13216.1
A15: 2.3 | B15: SICRO-2003127 | C15: ENTRADA PARA DESCIDA D'ÁGUA - EDA 07 A - AREIA E BRITA COMERCIAIS | D15: UNID | E15: 2 | F15: 842.2 | G15: =ROUND(F15+(F15*$H$7),2) -> 1045.09 | H15: =ROUND((E15*G15),2) -> 2090.18
A16: 2.4 | B16: COMPOSIÇÃO 001 | C16: BOCA DE LOBO DUPLA (TIPO A - FERRO FUNDIDO), QUADRO E GRELHA, INCLUSIVE ESCAVAÇÃO, REATERRO E BOTA-FORA | D16: UNID | E16: 1 | F16: =Composição!G11 -> 3825.73 | G16: =ROUND(F16+(F16*$H$7),2) -> 4747.35 | H16: =ROUND((E16*G16),2) -> 4747.35
A17: 2.5 | B17: COMPOSIÇÃO 002 | C17: BOCA DE LOBO SIMPLES (TIPO A - FERRO FUNDIDO), QUADRO E GRELHA, INCLUSIVE ESCAVAÇÃO, REATERRO E BOTA-FORA | D17: UNID | E17: 1 | F17: =Composição!G24 -> 2156.37 | G17: =ROUND(F17+(F17*$H$7),2) -> 2675.84 | H17: =ROUND((E17*G17),2) -> 2675.84
A18: 2.6 | B18: SICRO-0804377 | C18: BOCA DE BSTC D = 0,60 M - ESCONSIDADE 0° - AREIA E BRITA COMERCIAIS - ALAS ESCONSAS | D18: UNID | E18: 3 | F18: 1144.37 | G18: =ROUND(F18+(F18*$H$7),2) -> 1420.05 | H18: =ROUND((E18*G18),2) -> 4260.15
A19: 2.7 | B19: SICRO-2003177 | C19: DISSIPADOR DE ENERGIA - DED 02 A - AREIA, BRITA E PEDRA DE MÃO COMERCIAIS | D19: UN | E19: 2 | F19: 429.7 | G19: =ROUND(F19+(F19*$H$7),2) -> 533.21 | H19: =ROUND((E19*G19),2) -> 1066.42
A20: 3.0 | C20: PAVIMENTAÇÃO | G20: =ROUND(F20+(F20*$H$7),2) -> 0 | H20: =SUM(H21:H26) -> 123163.8
A21: 3.1 | B21: SINAPI-95429 | C21: TRANSPORTE COM CAMINHÃO BASCULANTE DE 18 M³, EM VIA URBANA EM REVESTIMENTO PRIMÁRIO (UNIDADE: TXKM). AF_07/2020 | D21: TXKM | E21: 2271.12 | F21: 1.59 | G21: =ROUND(F21+(F21*$H$7),2) -> 1.97 | H21: =ROUND((E21*G21),2) -> 4474.11
A22: 3.2 | B22: SINAPI-94273 | C22: ASSENTAMENTO DE GUIA (MEIO-FIO) EM TRECHO RETO, CONFECCIONADA EM CONCRETO PRÉ-FABRICADO, DIMENSÕES 100X15X13X30 CM (COMPRIMENTO X BASE INFERIOR X BASE SUPERIOR X ALTURA), PARA VIAS URBANAS (USO VIÁRIO). AF_06/2016 | D22: M | E22: 197 | F22: 68.53 | G22: =ROUND(F22+(F22*$H$7),2) -> 85.04 | H22: =ROUND((E22*G22),2) -> 16752.88
A23: 3.3 | B23: SICOR-RO-19857 | C23: PINTURA DE SETA, SÍMBOLOS, LEGENDAS E ZEBRADOS COM TINTA ACRÍLICA EMULSIONADA EM ÁGUA - ESPESSURA ÚMIDA DE 0,50 MM (INCLUINDO FORNECIMENTO E TRANSPORTE DE TODOS OS MATERIAIS) | D23: M2 | E23: 25 | F23: 31.2 | G23: =ROUND(F23+(F23*$H$7),2) -> 38.72 | H23: =ROUND((E23*G23),2) -> 968
A24: 3.4 | B24: SINAPI-92394 | C24: EXECUÇÃO DE PAVIMENTO EM PISO INTERTRAVADO, COM BLOCO SEXTAVADO DE 25 X 25 CM, ESPESSURA 8 CM. AF_10/2022 | D24: M2 | E24: 650 | F24: 105.05 | G24: =ROUND(F24+(F24*$H$7),2) -> 130.36 | H24: =ROUND((E24*G24),2) -> 84734
A25: 3.5 | B25: SINAPI-94287 | C25: EXECUÇÃO DE SARJETA DE CONCRETO USINADO, MOLDADO IN LOCO EM TRECHO RETO, 30 CM BASE X 10 CM | D25: M | E25: 115 | F25: 37.63 | G25: =ROUND(F25+(F25*$H$7),2) -> 46.7 | H25: =ROUND((E25*G25),2) -> 5370.5
A26: 3.6 | B26: COMPOSIÇÃO 003 | C26: VIGA EM VIGA DE CONCRETO ARMADO 15x40 | D26: M | E26: 54.6 | F26: =ROUND(Composição!G37,2) -> 160.35 | G26: =ROUND(F26+(F26*$H$7),2) -> 198.98 | H26: =ROUND((E26*G26),2) -> 10864.31
A27: ,
A28: VALOR TOTAL DA OBRA | H28: =H12+H20+H10 -> 156708.61
A33: ___________________________________________
A34: ='Memória de Cálculo'!C29 -> Caio Henrique da Silva Carvalho
A35: ='Memória de Cálculo'!C30 -> CREA/MG Nº: MG 240.713/D
A39: ___________________________________________
A40: ='Memória de Cálculo'!C34 -> Prefeito Municipal de Inhapim-MG
A41: ='Memória de Cálculo'!C35 -> Sandro Adriano Oliveira Silva
A43: Observações: Os textos destacados na cor vermelho deverão ser preenchidos e revisados de acordo com a aplicabilidade de cada obra, no tocante à: região da Tabela de Referencial de Preços Unitários a ser adotada; percentuais de ISS e dos parâmetros adotados no demonstrativo/composição BDI a ser apresentado pelo(a) Responsável Técnico(a) do Município dos quais deverão estar em conformidade com os critérios vigentes e aplicáveis; quantitativos; preços vigentes da Tabela Referencial de Preços Unitários e demais informações pertinentes aos serviços para execução das obras.

Sheet Memória de Cálculo
A2: MEMÓRIA DE CÁLCULO DE QUANTITATIVOS
A3: PREFEITURA MUNICIPAL DE INHAPIM-MG
A4: OBRA: PAVIMENTAÇÃO DA ESTRADA DE ACESSO À ESCOLA E UBS DOS BRÁZ
A5: LOCAL: CORREGO DOS BRÁZ - INHAPIM/MG - CEP: 35330-000 | E5: DATA: | F5: =TODAY() -> 46184
A7: ITEM | B7: CÓDIGO | C7: DESCRIÇÃO | D7: UNIDADE | E7: QUANTIDADE | F7: FÓRMULA DO CÁLCULO
A8: 1.0 | C8: ='Planilha Orcamentária'!C10 -> SERVIÇOS PRELIMINARES
A9: ='Planilha Orcamentária'!A11 -> 1.1 | B9: ='Planilha Orcamentária'!B11 -> SICOR-ED-28427 | C9: ='Planilha Orcamentária'!C11 -> FORNECIMENTO E COLOCAÇÃO DE PLACA DE OBRA EM CHAPA GALVANIZADA #26, ESP. 0,45MM, DIMENSÃO (3X1,5)M, PLOTADA COM ADESIVO VINÍLICO, AFIXADA COM REBITES 4,8X40MM, EM ESTRUTURA METÁLICA DE METALON 20X20MM, ESP. 1,25MM, INCLUSIVE SUPORTE EM EUCALIPTO AUTOCLAVADO PINTADO COM TINTA PVA DUAS (2) DEMÃOS | D9: ='Planilha Orcamentária'!D11 -> UND | E9: ='Planilha Orcamentária'!E11 -> 1 | F9: Conforme projeto em AutoCad = 1 UND
A10: 2.0 | C10: ='Planilha Orcamentária'!C12 -> DRENAGEM
A11: ='Planilha Orcamentária'!A13 -> 2.1 | B11: ='Planilha Orcamentária'!B13 -> SICRO-2003345 | C11: ='Planilha Orcamentária'!C13 -> SARJETA TRAPEZOIDAL DE CONCRETO - SZC 60-20 - ESCAVAÇÃO MECÂNICA - AREIA E BRITA COMERCIAIS | D11: ='Planilha Orcamentária'!D13 -> M | E11: ='Planilha Orcamentária'!E13 -> 55 | F11: Somatória total de acordo com o projeto = 55,00m
A12: ='Planilha Orcamentária'!A14 -> 2.2 | B12: ='Planilha Orcamentária'!B14 -> SICRO-2003365 | C12: ='Planilha Orcamentária'!C14 -> TRANSPOSIÇÃO DE SEGMENTOS DE SARJETA - TSS 120 - AREIA E BRITA COMERCIAIS | D12: ='Planilha Orcamentária'!D14 -> M | E12: ='Planilha Orcamentária'!E14 -> 10 | F12: Somatória total de acordo com o projeto = 10,00m
A13: ='Planilha Orcamentária'!A15 -> 2.3 | B13: ='Planilha Orcamentária'!B15 -> SICRO-2003127 | C13: ='Planilha Orcamentária'!C15 -> ENTRADA PARA DESCIDA D'ÁGUA - EDA 07 A - AREIA E BRITA COMERCIAIS | D13: ='Planilha Orcamentária'!D15 -> UNID | E13: ='Planilha Orcamentária'!E15 -> 2 | F13: Conforme projeto em AutoCad = 2 UND
A14: ='Planilha Orcamentária'!A16 -> 2.4 | B14: ='Planilha Orcamentária'!B16 -> COMPOSIÇÃO 001 | C14: ='Planilha Orcamentária'!C16 -> BOCA DE LOBO DUPLA (TIPO A - FERRO FUNDIDO), QUADRO E GRELHA, INCLUSIVE ESCAVAÇÃO, REATERRO E BOTA-FORA | D14: ='Planilha Orcamentária'!D16 -> UNID | E14: ='Planilha Orcamentária'!E16 -> 1 | F14: Conforme projeto em AutoCad = 1 UND
A15: ='Planilha Orcamentária'!A17 -> 2.5 | B15: ='Planilha Orcamentária'!B17 -> COMPOSIÇÃO 002 | C15: ='Planilha Orcamentária'!C17 -> BOCA DE LOBO SIMPLES (TIPO A - FERRO FUNDIDO), QUADRO E GRELHA, INCLUSIVE ESCAVAÇÃO, REATERRO E BOTA-FORA | D15: ='Planilha Orcamentária'!D17 -> UNID | E15: ='Planilha Orcamentária'!E17 -> 1 | F15: Conforme projeto em AutoCad = 1 UND
A16: ='Planilha Orcamentária'!A18 -> 2.6 | B16: ='Planilha Orcamentária'!B18 -> SICRO-0804377 | C16: ='Planilha Orcamentária'!C18 -> BOCA DE BSTC D = 0,60 M - ESCONSIDADE 0° - AREIA E BRITA COMERCIAIS - ALAS ESCONSAS | D16: ='Planilha Orcamentária'!D18 -> UNID | E16: ='Planilha Orcamentária'!E18 -> 3 | F16: Conforme projeto em AutoCad = 3 UND
A17: ='Planilha Orcamentária'!A19 -> 2.7 | B17: ='Planilha Orcamentária'!B19 -> SICRO-2003177 | C17: ='Planilha Orcamentária'!C19 -> DISSIPADOR DE ENERGIA - DED 02 A - AREIA, BRITA E PEDRA DE MÃO COMERCIAIS | D17: ='Planilha Orcamentária'!D19 -> UN | E17: ='Planilha Orcamentária'!E19 -> 2 | F17: Conforme projeto em AutoCad = 2 UND
A18: 3.0 | C18: ='Planilha Orcamentária'!C20 -> PAVIMENTAÇÃO
A19: ='Planilha Orcamentária'!A21 -> 3.1 | B19: ='Planilha Orcamentária'!B21 -> SINAPI-95429 | C19: ='Planilha Orcamentária'!C21 -> TRANSPORTE COM CAMINHÃO BASCULANTE DE 18 M³, EM VIA URBANA EM REVESTIMENTO PRIMÁRIO (UNIDADE: TXKM). AF_07/2020 | D19: ='Planilha Orcamentária'!D21 -> TXKM | E19: ='Planilha Orcamentária'!E21 -> 2271.12 | F19: Peso do bloquete = (Área do calçamento x espessura do bloquete x massa específica) 1000 x km; Peso do meio-fio = {[(B+b)/2xhxH] x massa específica}/1000 x km; [(650x0,08x2400)/1000]x15,7 + {[(0,15+0,13)/2x0,30x197]x2400}/1000x15,7 = 2.271,12 TXKM
A20: ='Planilha Orcamentária'!A22 -> 3.2 | B20: ='Planilha Orcamentária'!B22 -> SINAPI-94273 | C20: ='Planilha Orcamentária'!C22 -> ASSENTAMENTO DE GUIA (MEIO-FIO) EM TRECHO RETO, CONFECCIONADA EM CONCRETO PRÉ-FABRICADO, DIMENSÕES 100X15X13X30 CM (COMPRIMENTO X BASE INFERIOR X BASE SUPERIOR X ALTURA), PARA VIAS URBANAS (USO VIÁRIO). AF_06/2016 | D20: ='Planilha Orcamentária'!D22 -> M | E20: ='Planilha Orcamentária'!E22 -> 197 | F20: Somatória total de acordo com o projeto = 197,00m
A21: ='Planilha Orcamentária'!A23 -> 3.3 | B21: ='Planilha Orcamentária'!B23 -> SICOR-RO-19857 | C21: ='Planilha Orcamentária'!C23 -> PINTURA DE SETA, SÍMBOLOS, LEGENDAS E ZEBRADOS COM TINTA ACRÍLICA EMULSIONADA EM ÁGUA - ESPESSURA ÚMIDA DE 0,50 MM (INCLUINDO FORNECIMENTO E TRANSPORTE DE TODOS OS MATERIAIS) | D21: ='Planilha Orcamentária'!D23 -> M2 | E21: ='Planilha Orcamentária'!E23 -> 25 | F21: Somatória total de acordo com o projeto = 25,00m²
A22: ='Planilha Orcamentária'!A24 -> 3.4 | B22: ='Planilha Orcamentária'!B24 -> SINAPI-92394 | C22: ='Planilha Orcamentária'!C24 -> EXECUÇÃO DE PAVIMENTO EM PISO INTERTRAVADO, COM BLOCO SEXTAVADO DE 25 X 25 CM, ESPESSURA 8 CM. AF_10/2022 | D22: ='Planilha Orcamentária'!D24 -> M2 | E22: ='Planilha Orcamentária'!E24 -> 650 | F22: Conforme projeto em AutoCad = 650,00m²
A23: ='Planilha Orcamentária'!A25 -> 3.5 | B23: ='Planilha Orcamentária'!B25 -> SINAPI-94287 | C23: ='Planilha Orcamentária'!C25 -> EXECUÇÃO DE SARJETA DE CONCRETO USINADO, MOLDADO IN LOCO EM TRECHO RETO, 30 CM BASE X 10 CM | D23: ='Planilha Orcamentária'!D25 -> M | E23: ='Planilha Orcamentária'!E25 -> 115 | F23: Somatória total de acordo com o projeto = 115,00m
A24: ='Planilha Orcamentária'!A26 -> 3.6 | B24: ='Planilha Orcamentária'!B26 -> COMPOSIÇÃO 003 | C24: ='Planilha Orcamentária'!C26 -> VIGA EM VIGA DE CONCRETO ARMADO 15x40 | D24: ='Planilha Orcamentária'!D26 -> M | E24: ='Planilha Orcamentária'!E26 -> 54.6 | F24: Somatória total de acordo com o projeto = 54,60m
C28: _____________________________________________
C29: Caio Henrique da Silva Carvalho
C30: CREA/MG Nº: MG 240.713/D
C33: _____________________________________________
C34: Prefeito Municipal de Inhapim-MG
C35: Sandro Adriano Oliveira Silva

Sheet Cronograma
A2: CRONOGRAMA FÍSICO-FINANCEIRO
A3: ='Planilha Orcamentária'!A3 -> PREFEITURA MUNICIPAL DE INHAPIM-MG | C3: VALOR DO CONVÊNIO: | D3: =D14 -> 156708.61 | E3: DATA: | G3: =TODAY() -> 46184 | I3: FOLHA Nº: 01/01
A4: ='Planilha Orcamentária'!A4 -> OBRA: PAVIMENTAÇÃO DA ESTRADA DE ACESSO À ESCOLA E UBS DOS BRÁZ | E4: PREVISÃO DE EXECUÇÃO DAS OBRAS: 3 MESES
A5: ='Planilha Orcamentária'!A5 -> LOCAL: CORREGO DOS BRÁZ - INHAPIM/MG - CEP: 35330-000
A6: ITENS | B6: ETAPAS/DESCRIÇÃO | C6: FÍSICO/ FINANCEIRO | D6: TOTAL ETAPAS | E6: MÊS 1 | G6: MÊS 2 | I6: MÊS 3
A7: ='Planilha Orcamentária'!A10 -> 1.0 | B7: ='Planilha Orcamentária'!C10 -> SERVIÇOS PRELIMINARES | C7: FÍSICO % | D7: =D8/$D$14 -> 0.0095554418 | E7: 1
C8: FINANCEIRO | D8: ='Planilha Orcamentária'!H11 -> 1497.42 | E8: =D8*$E7 -> 1497.42
A9: ='Planilha Orcamentária'!A12 -> 2.0 | B9: ='Planilha Orcamentária'!C12 -> DRENAGEM | C9: FÍSICO % | D9: =D10/$D$14 -> 0.20450306 | E9: 0.5 | G9: 0.5 | I9: 0
C10: FINANCEIRO | D10: ='Planilha Orcamentária'!H12 -> 32047.39 | E10: =E9*$D$10 -> 16023.695 | G10: =G9*$D$10 -> 16023.695 | I10: =I9*$D$10 -> 0
A11: ='Planilha Orcamentária'!A20 -> 3.0 | B11: ='Planilha Orcamentária'!C20 -> PAVIMENTAÇÃO | C11: FÍSICO % | D11: =D12/$D$14 -> 0.7859415 | E11: 0.15 | G11: 0.425 | I11: 0.425
C12: FINANCEIRO | D12: ='Planilha Orcamentária'!H20 -> 123163.8 | E12: =E11*$D12 -> 18474.57 | G12: =G11*$D12 -> 52344.615 | I12: =I11*$D12 -> 52344.615
A13: TOTAL: | C13: FÍSICO % | D13: =D9+D11+D7 -> 1 | E13: =E14/$D$14 -> 0.2296982 | G13: =G14/$D$14 -> 0.43627667 | I13: =I14/$D$14 -> 0.33402514
C14: FINANCEIRO | D14: ='Planilha Orcamentária'!H28 -> 156708.61 | E14: =E10+E12+E8 -> 35995.685 | G14: =G12+G10 -> 68368.31 | I14: =I12 -> 52344.615 | L14: =E13+G13+I13 -> 1
I15: Observações: | L15: =E14+G14+I14 -> 156708.61
B17: ='Memória de Cálculo'!C29 -> Caio Henrique da Silva Carvalho
B18: ='Memória de Cálculo'!C30 -> CREA/MG Nº: MG 240.713/D
B21: ='Memória de Cálculo'!C34 -> Prefeito Municipal de Inhapim-MG
B22: ='Memória de Cálculo'!C35 -> Sandro Adriano Oliveira Silva

Sheet Memorial Descritivo
A2: MEMORIAL DESCRITIVO
A3: PREFEITURA MUNICIPAL DE INHAPIM-MG
A4: OBRA: PAVIMENTAÇÃO DA ESTRADA DE ACESSO À ESCOLA E UBS DOS BRÁZ
A5: LOCAL: CÓRREGO DOS BRÁZ - INHAPIM/MG - CEP: 35330-000 | E5: DATA: | F5: =TODAY() -> 46184
A7: ITEM | B7: CÓDIGO | C7: DESCRIÇÃO | D7: DETALHAMENTO
A8: 1.0 | C8: ='Planilha Orcamentária'!C10 -> SERVIÇOS PRELIMINARES
A9: ='Planilha Orcamentária'!A11 -> 1.1 | B9: ='Planilha Orcamentária'!B11 -> SICOR-ED-28427 | C9: ='Planilha Orcamentária'!C11 -> FORNECIMENTO E COLOCAÇÃO DE PLACA DE OBRA EM CHAPA GALVANIZADA #26, ESP. 0,45MM, DIMENSÃO (3X1,5)M, PLOTADA COM ADESIVO VINÍLICO, AFIXADA COM REBITES 4,8X40MM, EM ESTRUTURA METÁLICA DE METALON 20X20MM, ESP. 1,25MM, INCLUSIVE SUPORTE EM EUCALIPTO AUTOCLAVADO PINTADO COM TINTA PVA DUAS (2) DEMÃOS | D9: Para a execução da placa de obras a empresa ganhadora deverá atender a especificação do manual de placa de obra de acordo com a descrição.
A10: 2.0 | C10: ='Planilha Orcamentária'!C12 -> DRENAGEM
A11: ='Planilha Orcamentária'!A13 -> 2.1 | B11: ='Planilha Orcamentária'!B13 -> SICRO-2003345 | C11: ='Planilha Orcamentária'!C13 -> SARJETA TRAPEZOIDAL DE CONCRETO - SZC 60-20 - ESCAVAÇÃO MECÂNICA - AREIA E BRITA COMERCIAIS | D11: O serviço compreende a execução de sarjeta trapezoidal de concreto, modelo SZC 60-20, de acordo com as dimensões padrão especificadas. A escavação será realizada por método mecânico, garantindo a remoção eficiente do solo para acomodação da base e moldagem da sarjeta. Escavação Mecânica: Realizar escavação na área delimitada, ajustando profundidade e largura conforme projeto. Utilizar equipamento adequado para escavação mecânica, garantindo segurança e estabilidade do espaço escavado. Preparo da Base: Compactação do leito de apoio da sarjeta para evitar assentamentos futuros. Aplicação de camada de areia comercial para regularização, seguida de camada de brita comercial para garantir drenagem e resistência. Concretagem: Moldar sarjeta trapezoidal, seguindo dimensões SZC 60-20. Utilizar concreto com especificação técnica adequada para garantir durabilidade e resistência ao tráfego e intempéries. Materiais Utilizados: Areia comercial para base Brita comercial para camada de apoio Concreto de resistência compatível com a aplicação da sarjeta Objetivo: Garantir a correta execução da sarjeta trapezoidal com resistência, estabilidade e funcionalidade adequada para o escoamento de águas pluviais.
A12: ='Planilha Orcamentária'!A14 -> 2.2 | B12: ='Planilha Orcamentária'!B14 -> SICRO-2003365 | C12: ='Planilha Orcamentária'!C14 -> TRANSPOSIÇÃO DE SEGMENTOS DE SARJETA - TSS 120 - AREIA E BRITA COMERCIAIS | D12: Os materiais empregados na execução deste dispositivo devem ser de qualidade comercial comprovada e rigorosamente isentos de matérias orgânicas, torrões de argila ou quaisquer substâncias nocivas. O concreto deve ser dosado com Cimento Portland Comum do tipo CP II ou CP V, areia comercial do tipo média a grossa e brita comercial número um, que possua graduação entre nove e dezenove milímetros. A água utilizada na mistura deve ser limpa e potável, livre de óleos, ácidos ou salinidade. O concreto resultante deve apresentar uma resistência característica à compressão mínima de vinte Megapascais, com consistência perfeitamente adequada ao adensamento. Para garantir a integridade estrutural contra os esforços mecânicos, a retração do concreto e o tráfego eventual, o dispositivo deve ser obrigatoriamente estruturado com uma armadura interna constituída por tela de aço soldada nervurada do tipo Q-92, com fios de diâmetro de quatro milímetros espaçados a cada quinze centímetros em ambas as direções, ou, alternativamente, por uma malha de barras de aço CA-60 de cinco milímetros com o mesmo espaçamento, posicionada com um cobrimento nominal mínimo de dois centímetros e meio em relação às faces expostas. O procedimento executivo inicia-se com o preparo do terreno, compreendendo a escavação da vala ou caixa no subleito de acordo com as cotas, alinhamentos e caimentos indicados no projeto geométrico e de drenagem. O fundo da escavação deve ser devidamente regularizado e compactado de forma manual ou mecânica para assegurar a estabilidade do solo de fundação e evitar recalques futuros. Em seguida, realiza-se a montagem das fôrmas laterais, que podem ser de madeira ou metálicas, travadas rigidamente para suportar o empuxo do concreto fresco sem sofrer deformações, garantindo a largura nominal útil do padrão TSS 120. A armadura de aço deve ser então cortada, dobrada e posicionada sobre espaçadores plásticos adequados para garantir o cobrimento correto durante a concretagem. O lançamento do concreto deve ocorrer de maneira contínua para evitar a formação de juntas frias não planejadas. O adensamento deve ser executado por meio de vibração mecânica ou manual para eliminar completamente os vazios e ninhos de concretagem. O acabamento superficial deve ser desempenado, resultando em uma superfície lisa que facilite o escoamento hidráulico, mas sem provocar a desagregação dos agregados. Logo após a perda do brilho da água superficial, inicia-se o processo de cura úmida, mantendo a estrutura umedecida por um período mínimo de três dias consecutivos para prevenir o surgimento de fissuras por retração hidráulica. O controle tecnológico e os critérios de aceitação do dispositivo baseiam-se na inspeção visual para verificar a homogeneidade da superfície e a ausência de bicheiras, além da verificação geométrica das dimensões finais, espessuras e declividades em conformidade com o projeto padrão. A resistência do concreto será validada mediante o acompanhamento da dosagem e, se necessário, por meio da extração e ensaio de corpos de prova. Por fim, a medição do item será efetuada por metro linear de TSS 120 efetivamente executado e aprovado pela fiscalização, estando incluídos no preço unitário todas as etapas de escavação, fornecimento e preparo de materiais, aço, formas, lançamento, adensamento, acabamento, cura e o reaterro das laterais.
A13: ='Planilha Orcamentária'!A15 -> 2.3 | B13: ='Planilha Orcamentária'!B15 -> SICRO-2003127 | C13: ='Planilha Orcamentária'!C15 -> ENTRADA PARA DESCIDA D'ÁGUA - EDA 07 A - AREIA E BRITA COMERCIAIS | D13: O processo executivo inicia-se com a marcação topográfica e a escavação manual ou mecânica do terreno no ponto de transição entre a sarjeta e o talude, respeitando rigorosamente as cotas, o alinhamento e a declividade indicados no projeto de drenagem. O fundo da escavação deve ser devidamente regularizado, limpo e compactado para criar uma base firme e evitar recalques que possam trincar a estrutura. Em seguida, realiza-se a montagem das fôrmas, que podem ser de madeira ou metálicas, travadas de forma rígida para resistir à pressão do concreto fresco. A armadura de aço é então cortada, posicionada e fixada sobre pastilhas ou espaçadores plásticos que assegurem o cobrimento normativo durante a moldagem. O lançamento do concreto deve ser feito de maneira contínua, evitando juntas frias que comprometam a estanqueidade do dispositivo. O adensamento deve ser realizado por vibração mecânica ou manual para garantir o preenchimento total das fôrmas e a eliminação de vazios ou bicheiras. A superfície interna do dispositivo deve receber um acabamento desempenado e alisado, o que diminui o coeficiente de rugosidade e otimiza a eficiência hidráulica da captação. A cura úmida deve iniciar-se imediatamente após o endurecimento inicial do concreto, mantendo a estrutura saturada de água por um período mínimo de três dias para evitar fissuras de retração.
A14: ='Planilha Orcamentária'!A16 -> 2.4 | B14: ='Planilha Orcamentária'!B16 -> COMPOSIÇÃO 001 | C14: ='Planilha Orcamentária'!C16 -> BOCA DE LOBO DUPLA (TIPO A - FERRO FUNDIDO), QUADRO E GRELHA, INCLUSIVE ESCAVAÇÃO, REATERRO E BOTA-FORA | D14: O presente serviço refere-se à execução de boca de lobo dupla, tipo A, destinada à captação de águas pluviais em vias urbanas, contemplando o fornecimento de materiais, mão de obra, equipamentos e todos os serviços necessários à sua completa implantação, conforme diretrizes usuais do SINAPI, DNIT e DER-MG. A execução terá início com a locação da obra e posterior escavação do terreno, manual ou mecanizada, até as cotas definidas em projeto, devendo ser garantidas as condições de estabilidade das paredes da escavação e o adequado esgotamento de águas, quando necessário. O fundo da cava deverá ser regularizado e compactado, sendo prevista, quando especificado em projeto, a execução de lastro de concreto magro para apoio da estrutura. A estrutura da boca de lobo será executada em alvenaria de blocos de concreto ou em concreto moldado in loco, conforme especificações de projeto, com dimensões compatíveis ao tipo duplo. Internamente, as superfícies deverão receber revestimento em argamassa de cimento e areia, desempenado, garantindo estanqueidade, durabilidade e adequado escoamento das águas. O dispositivo será dotado de quadro e grelha em ferro fundido, com resistência compatível com o tráfego atuante (mínimo classe D400 ou conforme projeto), devidamente assentados, nivelados e fixados à estrutura, assegurando perfeito encaixe, estabilidade e segurança operacional. A ligação da boca de lobo à rede de drenagem deverá ser executada conforme projeto, garantindo perfeita vedação e continuidade hidráulica do sistema. Concluída a execução da estrutura, será realizado o reaterro das valas com material proveniente da escavação, desde que em condições adequadas, em camadas sucessivas devidamente compactadas, conforme especificações normativas, a fim de evitar recalques e garantir a estabilidade da pavimentação adjacente. O material excedente ou considerado impróprio será removido para local de bota-fora licenciado, incluindo carga, transporte e descarga. Os serviços deverão atender às normas da ABNT aplicáveis, bem como às especificações do DNIT, DER-MG e composições do SINAPI, além das orientações do projeto executivo, assegurando qualidade, segurança, funcionalidade e durabilidade da obra.
A15: ='Planilha Orcamentária'!A17 -> 2.5 | B15: ='Planilha Orcamentária'!B17 -> COMPOSIÇÃO 002 | C15: ='Planilha Orcamentária'!C17 -> BOCA DE LOBO SIMPLES (TIPO A - FERRO FUNDIDO), QUADRO E GRELHA, INCLUSIVE ESCAVAÇÃO, REATERRO E BOTA-FORA | D15: O presente serviço refere-se à execução de boca de lobo simples, tipo A, destinada à captação de águas pluviais em vias urbanas, contemplando o fornecimento de materiais, mão de obra, equipamentos e todos os serviços necessários à sua completa implantação, em conformidade com diretrizes usuais do SINAPI, DNIT e DER-MG. A execução terá início com a locação da obra e posterior escavação do terreno, manual ou mecanizada, até as cotas estabelecidas em projeto, devendo ser assegurada a estabilidade das paredes da escavação e o adequado esgotamento de águas, quando necessário. O fundo da cava deverá ser regularizado e devidamente compactado, sendo prevista, quando indicado em projeto, a execução de lastro de concreto magro para apoio da estrutura. A estrutura da boca de lobo será executada em alvenaria de blocos de concreto ou em concreto moldado in loco, conforme especificações do projeto executivo, com dimensões compatíveis ao tipo simples. As superfícies internas deverão receber revestimento em argamassa de cimento e areia, devidamente desempenado, garantindo estanqueidade, durabilidade e adequado escoamento das águas pluviais. O dispositivo será dotado de quadro e grelha em ferro fundido, com resistência compatível com as solicitações de tráfego (mínimo classe D400 ou conforme especificado em projeto), devidamente assentados, nivelados e fixados à estrutura, assegurando perfeito encaixe, estabilidade e segurança operacional. A interligação da boca de lobo com a rede de drenagem pluvial deverá ser executada conforme detalhamento de projeto, garantindo adequada vedação e continuidade hidráulica do sistema. Após a conclusão da estrutura, será executado o reaterro das laterais com material proveniente da escavação, desde que este apresente condições adequadas, em camadas sucessivas devidamente compactadas, conforme exigências normativas, visando evitar recalques e garantir a integridade do pavimento adjacente. O material excedente ou inadequado será transportado para local de bota-fora devidamente licenciado, incluindo as operações de carga, transporte e descarga. Os serviços deverão ser executados em conformidade com as normas técnicas da ABNT aplicáveis, bem como com as especificações do DNIT, DER-MG e composições do SINAPI, além das diretrizes do projeto executivo, assegurando qualidade, segurança, funcionalidade e durabilidade da obra.
A16: ='Planilha Orcamentária'!A18 -> 2.6 | B16: ='Planilha Orcamentária'!B18 -> SICRO-0804377 | C16: ='Planilha Orcamentária'!C18 -> BOCA DE BSTC D = 0,60 M - ESCONSIDADE 0° - AREIA E BRITA COMERCIAIS - ALAS ESCONSAS | D16: Nos lançamento existentes, no final da rede, será executado uma boca de boeiro em concreto ciclópico com percentual de pedra não superior a 30%, sendo que o fck do concreto deve atingir uma resistência mínima de 20 Mpa.
A17: ='Planilha Orcamentária'!A19 -> 2.7 | B17: ='Planilha Orcamentária'!B19 -> SICRO-2003177 | C17: ='Planilha Orcamentária'!C19 -> DISSIPADOR DE ENERGIA - DED 02 A - AREIA, BRITA E PEDRA DE MÃO COMERCIAIS | D17: O Dissipador de Energia (DEB-02) é um componente fundamental para o controle do escoamento das águas pluviais em obras rodoviárias. Abaixo, detalho as características desse elemento: Função e Localização: O DEB-02 é utilizado nas saídas de sarjetas, valetas, bueiros tubulares ou descidas d’água. Sua principal função é dissipar a energia da água, evitando erosões e danos à infraestrutura. Estrutura e Materiais: O dissipador é construído em concreto usinado com resistência característica de 20 MPa. Os materiais utilizados incluem areia, brita e pedra de mão comerciais. Configuração: Existem diferentes tipos de dissipadores, como escadas hidráulicas, descidas d’água do tipo rápida e bacias de dissipação. O DEB-02 pode ter larguras variando de até 1,0 metro até 4,1 metros. Execução: O concreto é lançado com o uso de jericas e preparado em betoneira de 600 litros. O processo inclui lançamento, adensamento e acabamento.
A18: 3.0 | C18: ='Planilha Orcamentária'!C20 -> PAVIMENTAÇÃO
A19: ='Planilha Orcamentária'!A21 -> 3.1 | B19: ='Planilha Orcamentária'!B21 -> SINAPI-95429 | C19: ='Planilha Orcamentária'!C21 -> TRANSPORTE COM CAMINHÃO BASCULANTE DE 18 M³, EM VIA URBANA EM REVESTIMENTO PRIMÁRIO (UNIDADE: TXKM). AF_07/2020 | D19: Este ítem compete ao transporte de bloquetes e meios-fios até o local da obra tendo em vista que o mesmo é distante de qualquer fábrica de pré moldado. Foi feita uma relação entre o peso dos materiais e e a distância média até a fábrica mais próxima.
A20: ='Planilha Orcamentária'!A22 -> 3.2 | B20: ='Planilha Orcamentária'!B22 -> SINAPI-94273 | C20: ='Planilha Orcamentária'!C22 -> ASSENTAMENTO DE GUIA (MEIO-FIO) EM TRECHO RETO, CONFECCIONADA EM CONCRETO PRÉ-FABRICADO, DIMENSÕES 100X15X13X30 CM (COMPRIMENTO X BASE INFERIOR X BASE SUPERIOR X ALTURA), PARA VIAS URBANAS (USO VIÁRIO). AF_06/2016 | D20: Serão locadas conforme projeto. Será realizada uma abertura de uma pequena vala de 15 cm de largura e 5 cm de profundidade, na qual, posteriormente serão posicionadas as guias, seguindo o alinhamento e nivelamento de projeto.
A21: ='Planilha Orcamentária'!A23 -> 3.3 | B21: ='Planilha Orcamentária'!B23 -> SICOR-RO-19857 | C21: ='Planilha Orcamentária'!C23 -> PINTURA DE SETA, SÍMBOLOS, LEGENDAS E ZEBRADOS COM TINTA ACRÍLICA EMULSIONADA EM ÁGUA - ESPESSURA ÚMIDA DE 0,50 MM (INCLUINDO FORNECIMENTO E TRANSPORTE DE TODOS OS MATERIAIS) | D21: A tinta acrílica a ser empregada deve ser emulsionada em água, de qualidade comercial comprovada e fabricada especificamente para sinalização viária, atendendo rigorosamente às especificações das normas técnicas vigentes e do órgão de trânsito competente. O material deve apresentar excelente resistência à abrasão provocada pelo tráfego, ótima aderência ao pavimento e estabilidade de cor sob a ação de raios ultravioleta. As cores utilizadas para o zebrado devem seguir o padrão regulamentar de sinalização (geralmente amarelo e preto, ou branco e preto, conforme especificado em projeto). Caso a sinalização requeira refletividade noturna, deverão ser incorporadas à tinta microesferas de vidro do tipo Premix (misturadas à tinta antes da aplicação) e do tipo Drop-on (aspergidas simultaneamente à aplicação da tinta), nas proporções regulamentares. Todos os materiais devem ser transportados e armazenados em suas embalagens originais de fábrica, mantidas hermeticamente fechadas e protegidas contra intempéries ou calor excessivo até o momento do uso. O procedimento executivo inicia-se obrigatoriamente com a limpeza rigorosa da superfície do pavimento onde o zebrado será aplicado. A área deve estar completamente seca e isenta de poeira, areia, óleo, graxa, lama, vestígios de tintas antigas descascadas ou qualquer outra substância que possa prejudicar a perfeita aderência da nova película de tinta. Na sequência, realiza-se a marcação topográfica e o pré-marcação (penteado) dos limites das faixas do zebrado, utilizando cordões com giz ou tinta temporária, respeitando rigorosamente o alinhamento, o ângulo de inclinação e o espaçamento definidos no projeto executivo. A pintura pode ser executada por processo mecânico, com o uso de máquinas apropriadas de sinalização viária com spray de alta pressão, ou por processo manual utilizando rolos ou pincéis adequados, desde que garantida a uniformidade e a perfeita definição das bordas. A aplicação deve assegurar de forma homogênea a espessura úmida mínima de meio milímetro, que deve ser controlada periodicamente pelas equipes de campo com o uso de medidores de espessura de película úmida (pente de medição). O serviço não deve ser realizado em dias de chuva, sob ameaça de precipitação ou quando a umidade relativa do ar estiver excessivamente elevada.
A22: ='Planilha Orcamentária'!A24 -> 3.4 | B22: ='Planilha Orcamentária'!B24 -> SINAPI-92394 | C22: ='Planilha Orcamentária'!C24 -> EXECUÇÃO DE PAVIMENTO EM PISO INTERTRAVADO, COM BLOCO SEXTAVADO DE 25 X 25 CM, ESPESSURA 8 CM. AF_10/2022 | D22: Sobre o leito da rua preparado, serão assentados os blocos sextavados de concreto sobre colchão de areia com espessura não inferior a 06cm. Após o assentamento serão rejuntados com pó de pedra ou areia e compactados com placa vibratória.
A23: ='Planilha Orcamentária'!A25 -> 3.5 | B23: ='Planilha Orcamentária'!B25 -> SINAPI-94287 | C23: ='Planilha Orcamentária'!C25 -> EXECUÇÃO DE SARJETA DE CONCRETO USINADO, MOLDADO IN LOCO EM TRECHO RETO, 30 CM BASE X 10 CM | D23: Serão construídas em concreto usinado e bombeado C= 20Mpa , medindo 30cm de largura e espessura de 10 cm, sobre o subleito já previamente preparado, respeitando a declividade do pavimento (i > ou = 3%), para o perfeito escoamento das águas.
A24: ='Planilha Orcamentária'!A26 -> 3.6 | B24: ='Planilha Orcamentária'!B26 -> COMPOSIÇÃO 003 | C24: ='Planilha Orcamentária'!C26 -> VIGA EM VIGA DE CONCRETO ARMADO 15x40 | D24: Será realizado todo o processo de escavação, armação das ferragens, montagem e desmontagem das formas e concretagem de acordo com as normas da NBR-6118.Irão abrir valas de 40 cm de profundidade e 15 de largura com o comprimento de meio-fio a meio-fio. Forma em tábuas de madeira para concreto armado, reaproveitamento 2x, incluso montagem e desmontagem. As formas deverão ser executadas em tábuas de madeira serrada de boa qualidade . As amarrações que atravessam as formas deverão ser feitas com espaçamento regular. A armadura não poderá ficar em contato direto com a fôrma, obedecendo-se para isso a distância mínima prevista na NBR-6118 e no projeto estrutural. Deverão ser empregados afastadores de armadura dos tipos "clips" plásticos ou pastilhas de argamassa.
C29: Caio Henrique da Silva Carvalho
C30: CREA/MG Nº: MG 240.713/D
C34: Prefeito Municipal de Inhapim-MG
C35: Sandro Adriano Oliveira Silva

Sheet BDI
A4: OBRA: PAVIMENTAÇÃO DA ESTRADA DE ACESSO À ESCOLA E UBS DOS BRÁZ
A5: LOCAL: CORREGO DOS BRÁZ - INHAPIM/MG - CEP: 35330-000
A6: MUNICIPIO: INHAPIM/MG - CEP: 35330-000
A7: DATA: | B7: =TODAY() -> 46184
B9: DETALHAMENTO DE BDI
B11: ITEM COMPONENTE DO BDI | D11: %
B12: Administração Central | C12: AC | D12: =H12*100 -> 4.67 | H12: 0.0467
B13: Seguro e Garantia | C13: SG | D13: =H13*100 -> 0.74 | H13: 0.0074
B14: Risco | C14: R | D14: =H14*100 -> 0.56 | H14: 0.0056
B15: Despesas Financeiras | C15: DF | D15: =H15*100 -> 1.11 | H15: 0.0111
B16: Lucro | C16: L | D16: =H16*100 -> 8.69 | H16: 0.0869
B17: Tibutos ( Impostos COFINS, 3% E PIS 0,65) | C17: CP | D17: =H17*100 -> 3.65 | H17: 0.0365
B18: Tributos (ISS, variável de acordo com o município) | C18: ISS | D18: =H18*100 -> 2.5 | H18: 0.025
B19: Tributos (Contribuição Previdenciária - 0% ou 4,5%, conforme Lei 12.844/2013 - Desoneração) | C19: CPRB | D19: =H19*100 -> 0 | H19: 0
A23: BDI = [((1+AC + DF+RE+GA)*(1+DF)*(1+L)) /(1-CP-ISS-CPRB)]-1
C25: BDI= | D25: =(((1+H12+H13+H14)*(1+H15)*(1+H16))/(1-H17-H18-H19))-1 -> 0.24088735
C28: BDI = | D28: =D25*1 -> 0.24088735
A39: ___________________________ Caio Henrique da Silva Carvalho Engenheiro Civil Crea-MG 240.713/D

Sheet Composição
A4: OBRA: PAVIMENTAÇÃO DA ESTRADA DE ACESSO À ESCOLA E UBS DOS BRÁZ
A5: =BDI!A5 -> LOCAL: CORREGO DOS BRÁZ - INHAPIM/MG - CEP: 35330-000
A6: =BDI!A6 -> MUNICIPIO: INHAPIM/MG - CEP: 35330-000
A7: DATA: | B7: =TODAY() -> 46184
A9: QUADRO DE COMPOSIÇÕES
A11: COMPOSIÇÃO | B11: 001 | C11: BOCA DE LOBO DUPLA (TIPO A - FERRO FUNDIDO), QUADRO E GRELHA, INCLUSIVE ESCAVAÇÃO, REATERRO E BOTA-FORA | D11: UND | F11: =IF(ISERROR(#REF!),0,#REF!) -> 0 | G11: =ROUND((G12*E12+G13*E13+G14*E14+G15*E15+G16*E16+G17*E17+G18*E18+G19*E19+G20*E20+G21*E21+G22*E22),2) -> 3825.73
A12: SICOR | B12: MATED12826 | C12: CONJUNTO QUADRO E GRELHA DE FERRO FUNDIDO P=199KG PARA BOCA DE LOBO | D12: UND | E12: 2 | F12: =IF(ISNUMBER($J12),VALUE(OFFSET([2]Banco!$A$1,[2]Composições!$L22-1,COLUMN([2]Composições!H22)-4)),0) -> 0 | G12: 694.5
A13: SICOR | B13: ED-48228 | C13: ALVENARIA DE VEDAÇÃO COM TIJOLO MACIÇO REQUEIMADO, ESP. 20CM, PARA REVESTIMENTO, INCLUSIVE ARGAMASSA PARA ASSENTAMENTO | D13: M2 | E13: 6.12 | F13: =IF(ISNUMBER($J13),VALUE(OFFSET([2]Banco!$A$1,[2]Composições!$L23-1,COLUMN([2]Composições!H23)-4)),0) -> 0 | G13: 260.66
A14: SICOR | B14: ED-48302 | C14: ARGAMASSA, TRAÇO 1:3 ( CIMENTO E AREIA), PREPARO MECÂNICO | D14: M3 | E14: 0.11 | F14: =IF(ISNUMBER($J14),VALUE(OFFSET([2]Banco!$A$1,[2]Composições!$L24-1,COLUMN([2]Composições!H24)-4)),0) -> 0 | G14: 672.15
A15: SICOR | B15: ED-51132 | C15: CARGA MECÂNICA DE MATERIAL DE QUALQUER NATUREZA SOBRE CAMINHÃO, EXCLUSIVE TRANSPORTE | D15: M3 | E15: 3.19 | F15: =IF(ISNUMBER($J15),VALUE(OFFSET([2]Banco!$A$1,[2]Composições!$L25-1,COLUMN([2]Composições!H25)-4)),0) -> 0 | G15: 3.42
A16: SICOR | B16: ED-48317 | C16: CONCRETO ESTRUTURAL, PREPARADO EM OBRA COM BETONEIRA, CONTROLE "B", COM FCK 20MPA, BRITA Nº (1 E 2), CONSISTÊNCIA PARA VIBRAÇÃO (FABRICAÇÃO) | D16: M3 | E16: 0.4 | F16: =IF(ISNUMBER($J16),VALUE(OFFSET([2]Banco!$A$1,[2]Composições!$L26-1,COLUMN([2]Composições!H26)-4)),0) -> 0 | G16: 610.47
A17: SICOR | B17: ED-51107 | C17: ESCAVAÇÃO MANUAL DE VALA COM PROFUNDIDADE MENOR OU IGUAL A 1,5M, INCLUSIVE DESCARGA LATERAL | D17: M3 | E17: 3.19 | F17: =IF(ISNUMBER($J17),VALUE(OFFSET([2]Banco!$A$1,[2]Composições!$L27-1,COLUMN([2]Composições!H27)-4)),0) -> 0 | G17: 77.29
A18: SICOR | B18: ED-49810 | C18: FÔRMA E DESFORMA DE TÁBUA E SARRAFO, REAPROVEITAMENTO (3X) ( FUNDAÇÃO) | D18: M2 | E18: 0.79 | F18: =IF(ISNUMBER($J18),VALUE(OFFSET([2]Banco!$A$1,[2]Composições!$L28-1,COLUMN([2]Composições!H28)-4)),0) -> 0 | G18: 79.68
A19: SICOR | B19: ED-50381 | C19: PEDREIRO COM ENCARGOS COMPLEMENTARES | D19: HORA | E19: 2.5 | F19: =IF(ISNUMBER($J19),VALUE(OFFSET([2]Banco!$A$1,[2]Composições!$L29-1,COLUMN([2]Composições!H29)-4)),0) -> 0 | G19: 31.22
A20: SICOR | B20: ED-50367 | C20: SERVENTE COM ENCARGOS COMPLEMENTARES | D20: HORA | E20: 2.5 | F20: =IF(ISNUMBER($J20),VALUE(OFFSET([2]Banco!$A$1,[2]Composições!$L24-1,COLUMN([2]Composições!H24)-4)),0) -> 0 | G20: 22.66
A21: SICOR | B21: ED-29229 | C21: TRANSPORTE DE MATERIAL DE QUALQUER NATUREZA EM CAMINHÃO, DISTÂNCIA MENOR OU IGUAL A 1KM, DENTRO DO PERÍMETRO URBANO, EXCLUSIVE CARGA , INCLUSIVE DESCARGA | D21: M3 | E21: 3.19 | F21: =IF(ISNUMBER($J21),VALUE(OFFSET([2]Banco!$A$1,[2]Composições!$L25-1,COLUMN([2]Composições!H25)-4)),0) -> 0 | G21: 6.28
A22: SICOR | B22: ED-48324 | C22: TRANSPORTE, LANÇAMENTO E ADENSAMENTO DE CONCRETO EM RADIER, PISO OU ELEMENTO PRÉMOLDADO, INCLUSIVE ACABAMENTO | D22: M3 | E22: 0.4 | F22: =IF(ISNUMBER($J22),VALUE(OFFSET([2]Banco!$A$1,[2]Composições!$L26-1,COLUMN([2]Composições!H26)-4)),0) -> 0 | G22: 120.56
A24: COMPOSIÇÃO | B24: 002 | C24: BOCA DE LOBO SIMPLES (TIPO A - FERRO FUNDIDO), QUADRO E GRELHA, INCLUSIVE ESCAVAÇÃO, REATERRO E BOTA-FORA | D24: UND | F24: =IF(ISERROR(#REF!),0,#REF!) -> 0 | G24: =ROUND((G25*E25+G26*E26+G27*E27+G28*E28+G29*E29+G30*E30+G31*E31+G32*E32+G33*E33+G34*E34+G35*E35),2) -> 2156.37
A25: SICOR | B25: MATED12826 | C25: CONJUNTO QUADRO E GRELHA DE FERRO FUNDIDO P=199KG PARA BOCA DE LOBO | D25: UND | E25: 1 | F25: =IF(ISNUMBER($J25),VALUE(OFFSET([2]Banco!$A$1,[2]Composições!$L35-1,COLUMN([2]Composições!H35)-4)),0) -> 0 | G25: 694.5
A26: SICOR | B26: ED-48228 | C26: ALVENARIA DE VEDAÇÃO COM TIJOLO MACIÇO REQUEIMADO, ESP. 20CM, PARA REVESTIMENTO, INCLUSIVE ARGAMASSA PARA ASSENTAMENTO | D26: M2 | E26: 3.72 | F26: =IF(ISNUMBER($J26),VALUE(OFFSET([2]Banco!$A$1,[2]Composições!$L36-1,COLUMN([2]Composições!H36)-4)),0) -> 0 | G26: 260.66
A27: SICOR | B27: ED-48302 | C27: ARGAMASSA, TRAÇO 1:3 ( CIMENTO E AREIA), PREPARO MECÂNICO | D27: M3 | E27: 0.06 | F27: =IF(ISNUMBER($J27),VALUE(OFFSET([2]Banco!$A$1,[2]Composições!$L37-1,COLUMN([2]Composições!H37)-4)),0) -> 0 | G27: 672.15
A28: SICOR | B28: ED-51132 | C28: CARGA MECÂNICA DE MATERIAL DE QUALQUER NATUREZA SOBRE CAMINHÃO, EXCLUSIVE TRANSPORTE | D28: M3 | E28: 1.68 | F28: =IF(ISNUMBER($J28),VALUE(OFFSET([2]Banco!$A$1,[2]Composições!$L38-1,COLUMN([2]Composições!H38)-4)),0) -> 0 | G28: 3.42
A29: SICOR | B29: ED-48317 | C29: CONCRETO ESTRUTURAL, PREPARADO EM OBRA COM BETONEIRA, CONTROLE "B", COM FCK 20MPA, BRITA Nº (1 E 2), CONSISTÊNCIA PARA VIBRAÇÃO (FABRICAÇÃO) | D29: M3 | E29: 0.21 | F29: =IF(ISNUMBER($J29),VALUE(OFFSET([2]Banco!$A$1,[2]Composições!$L39-1,COLUMN([2]Composições!H39)-4)),0) -> 0 | G29: 610.47
A30: SICOR | B30: ED-51107 | C30: ESCAVAÇÃO MANUAL DE VALA COM PROFUNDIDADE MENOR OU IGUAL A 1,5M, INCLUSIVE DESCARGA LATERAL | D30: M3 | E30: 1.68 | F30: =IF(ISNUMBER($J30),VALUE(OFFSET([2]Banco!$A$1,[2]Composições!$L40-1,COLUMN([2]Composições!H40)-4)),0) -> 0 | G30: 77.29
A31: SICOR | B31: ED-49810 | C31: FÔRMA E DESFORMA DE TÁBUA E SARRAFO, REAPROVEITAMENTO (3X) ( FUNDAÇÃO) | D31: M2 | E31: 0.22 | F31: =IF(ISNUMBER($J31),VALUE(OFFSET([2]Banco!$A$1,[2]Composições!$L41-1,COLUMN([2]Composições!H41)-4)),0) -> 0 | G31: 79.68
A32: SICOR | B32: ED-50381 | C32: PEDREIRO COM ENCARGOS COMPLEMENTARES | D32: HORA | E32: 2.5 | F32: =IF(ISNUMBER($J32),VALUE(OFFSET([2]Banco!$A$1,[2]Composições!$L42-1,COLUMN([2]Composições!H42)-4)),0) -> 0 | G32: 31.22
A33: SICOR | B33: ED-50367 | C33: SERVENTE COM ENCARGOS COMPLEMENTARES | D33: HORA | E33: 2.5 | F33: =IF(ISNUMBER($J33),VALUE(OFFSET([2]Banco!$A$1,[2]Composições!$L37-1,COLUMN([2]Composições!H37)-4)),0) -> 0 | G33: 22.66
A34: SICOR | B34: ED-29229 | C34: TRANSPORTE DE MATERIAL DE QUALQUER NATUREZA EM CAMINHÃO, DISTÂNCIA MENOR OU IGUAL A 1KM, DENTRO DO PERÍMETRO URBANO, EXCLUSIVE CARGA , INCLUSIVE DESCARGA | D34: M3 | E34: 1.68 | F34: =IF(ISNUMBER($J34),VALUE(OFFSET([2]Banco!$A$1,[2]Composições!$L38-1,COLUMN([2]Composições!H38)-4)),0) -> 0 | G34: 6.28
A35: SICOR | B35: ED-48324 | C35: TRANSPORTE, LANÇAMENTO E ADENSAMENTO DE CONCRETO EM RADIER, PISO OU ELEMENTO PRÉMOLDADO, INCLUSIVE ACABAMENTO | D35: M3 | E35: 0.21 | F35: =IF(ISNUMBER($J35),VALUE(OFFSET([2]Banco!$A$1,[2]Composições!$L39-1,COLUMN([2]Composições!H39)-4)),0) -> 0 | G35: 120.56
A37: COMPOSIÇÃO | B37: 003 | C37: VIGA EM CONCRETO ARMADO 15x40 | D37: M | F37: 0 | G37: =ROUND((E38*G38+E39*G39+E40*G40+E41*G41+E42*G42),2) -> 160.35
A38: SINAPI | B38: 94970 | C38: CONCRETO FCK = 20MPA, TRAÇO 1:2,7:3 (EM MASSA SECA DE CIMENTO/ AREIA MÉDIA/ BRITA 1) - PREPARO MECÂNICO COM BETONEIRA 600 L. AF_05/2021 | D38: M3 | E38: 0.08399979 | F38: 0 | G38: 560.3
A39: SINAPI | B39: 93358 | C39: ESCAVAÇÃO MANUAL DE VALA COM PROFUNDIDADE MENOR OU IGUAL A 1,30 M. AF_02/2021 | D39: M3 | E39: 0.08399979 | F39: 0 | G39: 98.41
A40: SINAPI | B40: 92802 | C40: CORTE E DOBRA DE AÇO CA-50, DIÂMETRO DE 8,0 MM. AF_06/2022 | D40: KG | E40: 2.949326 | F40: 0 | G40: 8.61
A41: SINAPI | B41: 92800 | C41: CORTE E DOBRA DE AÇO CA-60, DIÂMETRO DE 5,0 MM. AF_06/2022 | D41: KG | E41: 1.4373297 | F41: 0 | G41: 9.07
A42: SINAPI | B42: 103796 | C42: FABRICAÇÃO, MONTAGEM E DESMONTAGEM DE FÔRMA PARA BACIA DE DISSIPAÇÃO, EM MADEIRA SERRADA, E = 25 MM, 2 UTILIZAÇÕES. AF_08/2022 | D42: M2 | E42: 1.1199972 | F42: 0 | G42: 59.45
A46: _________________________________
A47: Caio Henrique da Silva Carvalho
A48: CREA/MG Nº: MG 240.713/D
